Cogmind - Beta 10.1 @@@ ROGUE MODE // 2020.10.24 @ 12:06:21 Player: Yeezy Result: Destroyed by G-50 Soldier with Heavy Laser Performance ------------- Evolutions (5) 2500 Regions Visited (9) 1800 Robots Destroyed (169) 845 Value Destroyed (4633) 4633 Prototype IDs (7) 140 Alien Tech Used (0) 0 Bonus (-303) -303 TOTAL SCORE: 9615 Bonus ------- High Alert Combat Kills 901 Follower Combat Kills 571 Entered Garrisons 200 Friendly Fire -1975 Cogmind --------- Core Integrity 0/1000 Matter 283/300 Energy 99/100 System Corruption 10% Temperature Cool (9) Movement Core (50) Location -5/Upper Caves Parts ------- > --- POWER (3) -------- (None) > --- PROPULSION (4) --- (None) > --- UTILITY (8) ------ Improved Signal Interpreter > --- WEAPON (2) ------- (None) > --- INVENTORY (4) ---- (None) Peak State ------------ > --- POWER ------------ Light Ion Engine Improved Deuterium Engine Improved Deuterium Engine > --- PROPULSION ------- Carbon-fiber Leg Carbon-fiber Leg Wheel > --- UTILITY ---------- High-capacity Storage Unit High-capacity Storage Unit High-capacity Storage Unit Improved Utility Shielding Improved Light Armor Plating Improved Hardlight Generator System Shield System Backup Module > --- WEAPON ----------- Flak Cannon Gauss Cannon > --- INVENTORY -------- Sensor Array Improved Signal Interpreter Improved Particle Charger Improved Particle Charger Improved Particle Charger Improved Hardlight Generator Improved EM Pulse Cannon Improved EM Pulse Cannon Enhanced Autogun Flak Cannon [Rating: 47] Favorites ----------- Power Improved Deuterium Engine Engine Improved Deuterium Engine Power Core Enhanced Nuclear Core Propulsion Armored Treads Treads Armored Treads Leg Aluminum Leg Wheel Compact Wheel Hover Unit Airjet Flight Unit Cesium-ion Thruster Utility Large Storage Unit Device Sensor Array Storage Large Storage Unit Processor Improved Signal Interpreter Hackware System Shield Protection Improved Utility Shielding Weapon Gauss Cannon Energy Gun Heavy EM Shotgun Energy Cannon Improved EM Pulse Cannon Ballistic Gun Enhanced Autogun Ballistic Cannon Gauss Cannon Launcher Rocket Array Build | -11 -10 -9 -8 -7 -7 -7 -7 -5 -5 ------- Run | Scr Mat Mat Mat Fac Sto Gar Rec Fac Upp Slots Evolved 10 | . . 2 2 2 . . . 4 . Power 2 | . . . . . . . . 2 . Propulsion 2 | . . 1 1 . . . . . . Utility 6 | . . 1 1 2 . . . 2 . Weapon . | . . . . . . . . . . Parts Attached 127 | . 9 21 8 19 12 13 9 29 7 Power 13 | . . 3 1 2 2 1 . 3 1 Engine 9 | . . 2 . 2 1 1 . 3 . Core 4 | . . 1 1 . 1 . . . 1 Reactor . | . . . . . . . . . . Propulsion 38 | . 4 9 1 3 3 4 6 4 4 Treads 17 | . . 6 1 3 3 3 . 1 . Leg 12 | . 4 3 . . . 1 . 2 2 Wheel 4 | . . . . . . . 2 . 2 Hover 3 | . . . . . . . 2 1 . Flight 2 | . . . . . . . 2 . . Utility 31 | . 2 1 1 7 2 2 . 14 2 Device 11 | . . . . 2 . . . 9 . Storage 7 | . 2 1 . . . . . 3 1 Processor 2 | . . . . . . . . 1 1 Hackware 1 | . . . . . . 1 . . . Protection 10 | . . . 1 5 2 1 . 1 . Artifact . | . . . . . . . . . . Weapon 45 | . 3 8 5 7 5 6 3 8 . Energy Gun 15 | . 2 7 2 . 1 2 . 1 . Energy Cannon 6 | . . . . 2 1 . 1 2 . Ballistic Gun 7 | . 1 . 2 1 1 1 . 1 . Ballistic Cannon 8 | . . . . 2 . 1 1 4 . Launcher 9 | . . 1 1 2 2 2 1 . . Special Weapon . | . . . . . . . . . . Impact Weapon . | . . . . . . . . . . Slashing Weapon . | . . . . . . . . . . Piercing Weapon . | . . . . . . . . . . Special Melee Weapon . | . . . . . . . . . . Unidentified Prototypes 5 | . . 1 1 . 3 . . . . Parts Lost 60 | . . 8 1 . 1 15 2 27 6 Power 8 | . . 2 . . . 1 . 4 1 Propulsion 20 | . . 2 . . 1 8 . 5 4 Utility 13 | . . . . . . 1 . 11 1 Weapon 19 | . . 4 1 . . 5 2 7 . Highest Loss Streak 22 | . . 5 1 . 1 7 2 22 6 Average Slot Usage (%) 85 | . 99 96 99 99 95 78 77 61 16 Engine 5 | . 14 8 8 4 . 4 7 7 . Core 1 | . . 1 . 2 6 2 . . . Treads 14 | . . 22 35 29 30 10 . . . Leg 2 | . 28 9 . . . . . 2 7 Wheel 1 | . . . . . . . 5 7 . Storage 23 | . 27 32 27 23 23 23 23 15 . Hackware 2 | . . . . . . 5 7 3 . Protection 12 | . . . 9 19 18 14 15 7 . Energy Gun 4 | . 14 19 12 . . 4 2 . . Ballistic Gun 2 | . 14 . 5 1 . 1 . . . Ballistic Cannon 4 | . . . . 8 7 2 4 4 . Launcher 3 | . . . . . 5 5 6 2 . Naked Turns 27 | . . . . . . . . 27 . Heaviest Build 146 | 12 40 59 63 81 87 87 76 146 15 Greatest Support 80 | 20 20 60 80 80 80 80 26 26 32 Greatest Overweight (x) 25 | . 1 2 . 1 1 24 25 14 4 Average Overweight (x) 1 | . . . . . . 5 6 2 . Largest Inventory Capacity 38 | 6 16 22 22 22 22 22 22 38 4 Average Capacity 20 | 6 15 21 22 22 22 22 22 22 4 Most Carried 22 | 6 16 22 22 22 22 22 16 15 1 Average Carried 17 | 6 13 18 21 21 21 17 15 9 . Final Capacity 22 | 6 16 22 22 22 22 22 22 4 4 Final Carried 22 | 6 16 22 22 22 22 16 15 . . Class Distribution -------------------- 73% | Hauler-Mutant 13% | Commander-Mutant 11% | Mutant Dominant Class ---------------- Mutant | -10/Materials Hauler-Mutant | -9/Materials Hauler-Mutant | -8/Materials Hauler-Mutant | -7/Factory Hauler-Mutant | -7/Storage Hauler-Mutant | -7/Garrison Hauler-Mutant | -7/Recycling Hauler-Mutant | -5/Factory Mutant | -5/Upper Caves Resources | -11 -10 -9 -8 -7 -7 -7 -7 -5 -5 ----------- Run | Scr Mat Mat Mat Fac Sto Gar Rec Fac Upp Matter Collected 3718 | 211 146 208 130 520 499 558 753 541 152 Remotely . | . . . . . . . . . . Salvage Created 5156 | 165 582 601 555 583 517 745 932 476 . Parts 268 | 10 42 42 34 27 28 21 39 25 . Haulers Intercepted 7 | . 1 2 2 1 1 . . . . Recyclers Shooed 7 | 1 1 1 . 1 1 . 2 . . Parts Field Recycled . | . . . . . . . . . . Retrieved Matter . | . . . . . . . . . . Parts Self-Destructed . | . . . . . . . . . . Prevented 2 | . . . . . . . . . 2 Kills | -11 -10 -9 -8 -7 -7 -7 -7 -5 -5 ------- Run | Scr Mat Mat Mat Fac Sto Gar Rec Fac Upp Combat Hostiles Destroyed 106 | . 10 15 14 12 11 20 14 10 . Guns 41 | . 10 12 10 . . 8 . 1 . Cannons 18 | . . . . 7 1 5 1 4 . AOE 46 | . . 3 4 5 10 7 13 4 . Classes Destroyed 15 | 2 6 3 . 2 . . 1 1 . Worker 8 | . 2 . 1 2 1 . . 2 . Builder 9 | . . 3 . . 1 . 4 1 . Tunneler 6 | 3 . 1 . . . . . 2 . Hauler 7 | . 1 2 2 1 1 . . . . Recycler 17 | 1 2 . . 2 3 . 9 . . Operator 4 | . 1 . . 1 1 . . 1 . Drone 7 | . . . . . . . 7 . . Watcher 6 | . 2 2 . 1 . . . 1 . Swarmer 33 | . 6 6 7 3 4 4 . 3 . Grunt 48 | . 4 7 4 2 5 15 7 4 . Brawler 4 | . . 1 . . . . . 3 . Duelist 1 | . . . . . . . . 1 . Sentry 14 | . . 1 3 3 1 5 . 1 . Hunter 1 | . . . . 1 . . . . . Programmer 4 | . . . . 3 1 . . . . Best Kill Streak 6 | 2 4 5 6 3 4 4 5 5 . Combat Bots Only 5 | . 4 5 4 3 4 4 4 3 . Max Kills in Single Turn 6 | 1 1 3 3 2 4 5 3 6 . Gunslinging . | . . . . . . . . . . Exploded 4 | . . 2 2 2 4 2 2 2 . Melee . | . . . . . . . . . . Uniques/NPCs Destroyed . | . . . . . . . . . . Combat | -11 -10 -9 -8 -7 -7 -7 -7 -5 -5 -------- Run | Scr Mat Mat Mat Fac Sto Gar Rec Fac Upp Damage Taken 9965 | . 340 931 687 884 354 2687 488 2990 604 Core 1811 | . 52 65 80 67 16 410 119 594 408 Absorbed by Shields 251 | . . . . . . . 6 245 . Core Remaining (%) 71 | 100 79 83 85 . . . 12 . . Volleys Fired 354 | 14 53 60 27 43 19 59 25 54 . Largest 2 | 2 2 2 2 2 2 2 2 2 . Hottest 138 | 60 60 130 110 117 128 108 130 138 . Shots Fired 659 | 28 106 97 54 86 37 114 47 90 . Gun 397 | 28 106 96 53 23 6 48 15 22 . Cannon 214 | . . . . 56 22 52 19 65 . Launcher 48 | . . 1 1 7 9 14 13 3 . Special . | . . . . . . . . . . Kinetic 357 | 14 53 8 15 66 25 95 7 74 . Thermal 133 | . 15 79 17 . 3 3 12 4 . Explosive 48 | . . 1 1 7 9 14 13 3 . Electromagnetic 121 | 14 38 9 21 13 . 2 15 9 . Robot Hit Streak 28 | 8 6 15 28 7 11 23 10 14 . Robot Miss Streak 9 | 2 5 3 9 2 5 3 7 5 . Penetration Max . | . . . . . . . . . . Secondary Targets 4 | . 2 1 1 . . . . . . Max Gunslinging Chain 1 | . 1 1 1 . . . . . . Shots Hit Robots 451 | 16 54 78 45 55 18 83 34 68 . Core Hits 423 | 5 28 58 37 31 57 75 58 73 1 Critical Hits 20 | . 1 . 1 4 1 10 . 3 . Critical Kills 7 | . . . 1 2 . 3 . 1 . Critical Parts Destroyed 12 | . 1 . . 2 . 7 . 2 . Melee Attacks . | . . . . . . . . . . Impact . | . . . . . . . . . . Slashing . | . . . . . . . . . . Piercing . | . . . . . . . . . . Sneak Attacks . | . . . . . . . . . . Combat Hostiles . | . . . . . . . . . . Follow-up Attacks . | . . . . . . . . . . Damage Inflicted 14284 | 257 649 1193 964 1777 1909 2760 2227 2542 6 Guns 3977 | 210 612 954 668 229 54 713 279 258 . Cannons 3356 | . . . . 855 232 854 285 1130 . Explosions 6945 | 47 37 239 296 693 1623 1193 1663 1154 . Melee . | . . . . . . . . . . Ramming 6 | . . . . . . . . . 6 Kinetic 4296 | 71 185 62 75 914 234 1496 131 1128 . Thermal 2764 | 47 145 807 466 112 52 49 315 771 . Explosive 5537 | . . 185 34 581 1623 1193 1502 419 . Electromagnetic 1681 | 139 319 139 389 170 . 22 279 224 . Impact . | . . . . . . . . . . Slashing . | . . . . . . . . . . Piercing . | . . . . . . . . . . Highest Corruption 11 | . . . . 2 3 3 3 11 10 Average Corruption 3 | . . . . 1 2 3 3 4 10 Corruption Purged 1 | . . . . . . . . 1 . Effects 115 | . . . . 5 10 33 37 14 16 Message Errors 32 | . . . . . 4 10 13 1 4 Matter Fused 26 | . . . . . . 7 14 3 2 Heat Flow Errors 12 | . . . . 2 . 3 6 1 . Energy Discharges 10 | . . . . 1 1 5 1 . 2 Data Loss (minor) 13 | . . . . . 5 4 3 . 1 Data Loss (major) 1 | . . . . . . . . . 1 Alerts 1 | . . . . . . . . 1 . Misdirections 8 | . . . . . . . . 2 6 Targeting Errors 11 | . . . . 2 . 4 . 5 . Weapon Failures 1 | . . . . . . . . 1 . Overload Shots . | . . . . . . . . . . Overflow Damage 388 | 5 . 16 . 91 7 56 85 128 . Projectiles 69 | . . . . 38 . 2 24 5 . Explosions 319 | 5 . 16 . 53 7 54 61 123 . Melee . | . . . . . . . . . . Knockbacks 34 | . . . . 9 1 6 2 16 . Impact . | . . . . . . . . . . Kinetic 33 | . . . . 9 1 6 2 15 . Secondary 1 | . . . . . . . . 1 . Self-Inflicted Damage 1644 | . 30 7 103 183 120 683 116 399 3 Shots 61 | . 1 1 2 6 7 28 6 10 . Rammed 1 | . . . . . . . . . 1 Targets Rammed 1 | . . . . . . . . . 1 Kicked . | . . . . . . . . . . Crushed . | . . . . . . . . . . Highest Temperature 336 | 40 132 306 297 270 83 336 287 224 . Average Temperature 71 | 19 35 103 83 76 22 76 102 56 . Received Heat Transfer 2587 | . 102 441 162 99 27 846 207 481 222 Effects 2 | . . . . 1 . . 1 . . Energy Bleed 2 | . . . . 1 . . 1 . . Siege Activations . | . . . . . . . . . . Robots Corrupted 1 | . . . . . . . . 1 . Combat Hostiles 1 | . . . . . . . . 1 . Parts Fried 5 | 1 1 . 2 . . . . 1 . Impact Corruptions . | . . . . . . . . . . Robots Melted . | . . . . . . . . . . Combat Hostiles . | . . . . . . . . . . Parts Melted 6 | . . 4 . 1 . . 1 . . Heat Transferred 4115 | 50 300 1665 615 100 100 111 550 624 . Parts Sabotaged . | . . . . . . . . . . Parts Stolen . | . . . . . . . . . . Parts Stripped . | . . . . . . . . . . Power Chain Reactions 10 | 1 1 1 3 . . . 2 2 . Missiles Intercepted . | . . . . . . . . . . Alert | -11 -10 -9 -8 -7 -7 -7 -7 -5 -5 ------- Run | Scr Mat Mat Mat Fac Sto Gar Rec Fac Upp Peak Influence 1669 | 20 285 265 463 333 724 1228 845 1669 . Initial 1238 | . 13 43 111 175 151 470 552 1238 . Average 516 | 9 113 123 294 179 398 1005 595 1395 . Maximum Alert Level 5 | . 1 1 2 1 3 4 3 5 . Low Security (%) 28 | 100 79 67 29 64 12 . . . . Level 1 22 | . 20 32 48 35 43 . 18 . . Level 2 22 | . . . 21 . 38 8 65 . . Level 3 11 | . . . . . 5 41 15 . . Level 4 13 | . . . . . . 50 . 87 . Level 5 . | . . . . . . . . 12 . High Security . | . . . . . . . . . . Max Security . | . . . . . . . . . . Squads Dispatched 29 | . 3 2 1 5 6 . 3 9 . Investigation 6 | . 2 . . 1 2 . . 1 . Extermination 5 | . . . . 3 2 . . . . Reinforcement 12 | . 1 2 1 1 2 . 3 2 . Assault 3 | . . . . . . . . 3 . Garrison 3 | . . . . . . . . 3 . Intercept . | . . . . . . . . . . Construction Impeded 4 | . . . . . . . 3 1 . Haulers Reinforced . | . . . . . . . . . . Stealth | -11 -10 -9 -8 -7 -7 -7 -7 -5 -5 --------- Run | Scr Mat Mat Mat Fac Sto Gar Rec Fac Upp Distress Signals 13 | . 2 4 1 . 2 . 3 1 . Communications Jammed . | . . . . . . . . . . Distress Signals . | . . . . . . . . . . Times Spotted 259 | . 21 31 20 20 24 28 69 39 7 Peak Tracking Total 10 | . 4 6 4 4 4 6 7 10 4 Tactical Retreats 24 | . 3 4 1 1 1 4 1 7 2 Traps | -11 -10 -9 -8 -7 -7 -7 -7 -5 -5 ------- Run | Scr Mat Mat Mat Fac Sto Gar Rec Fac Upp Traps Triggered 7 | . 1 . . 1 . 5 . . . Indirectly . | . . . . . . . . . . Trap Hack Attempts . | . . . . . . . . . . Triggered . | . . . . . . . . . . Disarmed . | . . . . . . . . . . Reprogrammed . | . . . . . . . . . . Reused . | . . . . . . . . . . Traps Extracted . | . . . . . . . . . . Installed . | . . . . . . . . . . Triggered 1 | . . . . . . . . . 1 Machines | -11 -10 -9 -8 -7 -7 -7 -7 -5 -5 ---------- Run | Scr Mat Mat Mat Fac Sto Gar Rec Fac Upp Machines Disabled 33 | . 1 2 2 15 4 1 3 5 . Max in Single Turn 4 | . 1 1 1 4 1 1 1 4 . Garrison Access 1 | . . . . 1 . . . . . Garrison Relay 1 | . . . . . . 1 . . . Machines Sabotaged . | . . . . . . . . . . Garrisons Compromised . | . . . . . . . . . . Overloaded Fab Kills . | . . . . . . . . . . Fab Network Shutdowns . | . . . . . . . . . . Hacking | -11 -10 -9 -8 -7 -7 -7 -7 -5 -5 --------- Run | Scr Mat Mat Mat Fac Sto Gar Rec Fac Upp Machines Accessed 24 | . 4 2 3 3 8 . 2 2 . Terminals 19 | . 4 2 3 1 5 . 2 2 . Fabricators . | . . . . . . . . . . Repair Stations 3 | . . . . 1 2 . . . . Recycling Units . | . . . . . . . . . . Scanalyzers . | . . . . . . . . . . Garrison Access 2 | . . . . 1 1 . . . . Total Hacks 63 | . 10 6 11 11 18 . 3 4 . Successful 32 | . 4 2 7 6 10 . 1 2 . Failed 31 | . 6 4 4 5 8 . 2 2 . Catastrophic 5 | . 2 . . 1 1 . . 1 . Database Lockouts . | . . . . . . . . . . Manual 21 | . 1 1 6 3 5 . 4 1 . Terminals 48 | . 10 6 11 3 11 . 3 4 . Fabricators . | . . . . . . . . . . Repair Stations 12 | . . . . 6 6 . . . . Recycling Units . | . . . . . . . . . . Scanalyzers . | . . . . . . . . . . Garrison Access 3 | . . . . 2 1 . . . . Terminal Hacks 19 | . 4 2 7 1 4 . . 1 . Record 2 | . . . . . 2 . . . . Prototype ID Bank 1 | . . . 1 . . . . . . Open Door 1 | . . . . . 1 . . . . Terminal Index 1 | . 1 . . . . . . . . Alert Level 4 | . . 1 2 . . . . 1 . Unreport Threat 2 | . 1 1 . . . . . . . Locate Traps 1 | . . . 1 . . . . . . Zone Layout 7 | . 2 . 3 1 1 . . . . Fabricator Hacks . | . . . . . . . . . . Repair Station Hacks 4 | . . . . 3 1 . . . . Scan Component 3 | . . . . 2 1 . . . . Repair 1 | . . . . 1 . . . . . Recycling Unit Hacks . | . . . . . . . . . . Scanalyzer . | . . . . . . . . . . Garrison Access Hacks 2 | . . . . 1 1 . . . . Unlock Access 1 | . . . . . 1 . . . . Seal Access 1 | . . . . 1 . . . . . Unauthorized Hacks 7 | . . . . 1 4 . 1 1 . Terminals 7 | . . . . 1 4 . 1 1 . Track 4 | . . . . 1 1 . 1 1 . Botnet 3 | . . . . . 3 . . . . Fabricators . | . . . . . . . . . . Repair Stations . | . . . . . . . . . . Recycling Units . | . . . . . . . . . . Scanalyzers . | . . . . . . . . . . Garrison Access . | . . . . . . . . . . Data Cores Recovered 1 | . 1 . . . . . . . . Used 1 | . 1 . . . . . . . . Hacking Detections 14 | . 2 2 1 3 4 . 1 1 . Full Trace Events 6 | . 2 . . 1 2 . . 1 . Feedback Events 1 | . . . . . 1 . . . . Corruption 1 | . . . . . 1 . . . . Feedback Blocked . | . . . . . . . . . . Robot Schematics Acquired . | . . . . . . . . . . Robots Built . | . . . . . . . . . . Matter . | . . . . . . . . . . Time . | . . . . . . . . . . Total Robot Build Rating . | . . . . . . . . . . Part Schematics Acquired . | . . . . . . . . . . Parts Built . | . . . . . . . . . . Matter . | . . . . . . . . . . Time . | . . . . . . . . . . Total Part Build Rating . | . . . . . . . . . . Parts Repaired 1 | . . . . 1 . . . . . Time 19 | . . . . 19 . . . . . Parts Recycled . | . . . . . . . . . . Recycled Matter . | . . . . . . . . . . Retrieved Matter . | . . . . . . . . . . Retrieved Components . | . . . . . . . . . . Parts Scanalyzed . | . . . . . . . . . . Part Schematics Acquired . | . . . . . . . . . . Parts Damaged . | . . . . . . . . . . Bothacking | -11 -10 -9 -8 -7 -7 -7 -7 -5 -5 ------------ Run | Scr Mat Mat Mat Fac Sto Gar Rec Fac Upp Used RIF Installer . | . . . . . . . . . . Robots Hacked . | . . . . . . . . . . Non-combat . | . . . . . . . . . . Combat . | . . . . . . . . . . Robot Hacks Applied . | . . . . . . . . . . Relay Couplers Released 3 | . . . . . . 3 . . . Machine Destruction 3 | . . . . . . 3 . . . Robots Rewired 12 | . . . . . . . 12 . . Allies Hacked . | . . . . . . . . . . Hacks Repelled . | . . . . . . . . . . Allies | -11 -10 -9 -8 -7 -7 -7 -7 -5 -5 -------- Run | Scr Mat Mat Mat Fac Sto Gar Rec Fac Upp Total Allies 25 | . . . . . 13 . 12 . . Largest Group 10 | . . . . . 10 8 10 9 . Highest-Rated Group 284 | . . . . . 173 141 284 247 . Highest-Rated Ally 99 | . . . . . 99 29 37 37 . Total Orders . | . . . . . . . . . . Ally Attacks 242 | . . . . . 42 30 146 24 . Total Damage 3604 | . . . . . 1204 463 1457 480 . Kills 56 | . . . . . 12 3 37 4 . Allies Corrupted . | . . . . . . . . . . Allies Melted . | . . . . . . . . . . Intel | -11 -10 -9 -8 -7 -7 -7 -7 -5 -5 ------- Run | Scr Mat Mat Mat Fac Sto Gar Rec Fac Upp Robot Analysis Total . | . . . . . . . . . . Derelict Logs Recovered . | . . . . . . . . . . Drone Launches . | . . . . . . . . . . Drone Recoveries . | . . . . . . . . . . Exploration | -11 -10 -9 -8 -7 -7 -7 -7 -5 -5 ------------- Run | Scr Mat Mat Mat Fac Sto Gar Rec Fac Upp Turns Passed 10275 | 86 683 799 522 2083 976 1708 2505 601 312 Spaces Moved 4022 | 39 327 340 222 961 473 371 571 373 345 Core 363 | . . . . . . 78 81 52 152 Treads 2225 | . . 270 222 961 473 293 . 6 . Legs 543 | 39 327 70 . . . . . . 107 Wheels 671 | . . . . . . . 403 257 11 Hover 211 | . . . . . . . 78 58 75 Flight 9 | . . . . . . . 9 . . Fastest Speed 50 | 120 120 150 170 167 162 162 110 50 50 Average Speed 202 | 120 147 163 170 169 174 405 353 109 86 Slowest Speed 1300 | 120 150 180 170 187 182 1250 1300 260 250 Overloaded Moves . | . . . . . . . . . . Propulsion Burnouts . | . . . . . . . . . . Robots Hopped . | . . . . . . . . . . Cave-ins Triggered . | . . . . . . . . . . Exploration Rate (%) 36 | 4 40 36 32 23 47 54 79 12 37 Regions Visited 9 Branch Regions 3 Pre-discovered Areas . | . . . . . . . . . . Known Exits Taken 1 | . . . . . 1 . . . . Unknown Exits Taken 7 | 1 1 1 1 1 . . 1 1 . Scrap Searched 1 | . . . . . . . . . 1 Spaces Dug 55 | . . . . . 2 14 . 39 . Terrain Destroyed 884 | 5 5 13 10 91 271 144 230 115 . Melee . | . . . . . . . . . . Projectile 39 | . . . . 7 8 2 7 15 . AOE 845 | 5 5 13 10 84 263 142 223 100 . Terrain Rammed . | . . . . . . . . . . Walls Destroyed . | . . . . . . . . . . Machines Disabled . | . . . . . . . . . . Actions | -11 -10 -9 -8 -7 -7 -7 -7 -5 -5 --------- Run | Scr Mat Mat Mat Fac Sto Gar Rec Fac Upp Total 5520 | 53 433 494 318 1342 578 475 995 476 356 Wait 566 | 1 26 35 42 289 59 16 85 12 1 Move 4013 | 38 326 339 221 960 472 370 570 372 345 Hop . | . . . . . . . . . . Pick Up 74 | . 11 23 11 14 5 7 2 . 1 Fast Attach 39 | . 2 5 1 4 4 . 6 11 6 Attach 45 | . . 6 3 4 1 13 3 15 . Detach 1 | . . . . . . 1 . . . Swap 43 | . 7 10 4 11 7 . . 3 1 Drop 76 | . 8 16 9 17 10 1 5 9 1 Fire 354 | 14 53 60 27 43 19 59 25 54 . Melee . | . . . . . . . . . . Ram 1 | . . . . . . . . . 1 Kick . | . . . . . . . . . . Crush . | . . . . . . . . . . Escape Stasis 8 | . . . . . . 8 . . . Rewire 300 | . . . . . 1 . 299 . . Trap . | . . . . . . . . . . Miscellaneous . | . . . . . . . . . . Route ------- -11/Scrapyard -10/Materials (discovered 2 exits: *Mat x2) -9/Materials (discovered 3 exits: *Mat x3) -8/Materials -7/Factory -7/Storage -7/Garrison -7/Recycling -5/Factory -5/Upper Caves History --------- Turn | Location | Event 4 | -11/Scrapyard | Discovered new exit (range 2) 87 | -11/Scrapyard | Entered Materials 324 | -10/Materials | Build established: Mutant 333 | -10/Materials | Discovered new exit (range 16) 606 | -10/Materials | Discovered new exit (range 8) 770 | -10/Materials | Entered another Materials area 770 | -9/Materials | Evolved 2 slots: Propulsion x1, Utility x1 1037 | -9/Materials | Lost 5 parts (1p2n2w) 1163 | -9/Materials | Discovered new exit (range 15) 1263 | -9/Materials | Build established: Hauler-Mutant 1452 | -9/Materials | Discovered new exit (range 10) 1554 | -9/Materials | Discovered new exit (range 8) 1569 | -9/Materials | Entered another Materials area 1569 | -8/Materials | Evolved 2 slots: Propulsion x1, Utility x1 2045 | -8/Materials | Discovered new exit (range 5) 2091 | -8/Materials | Entered Factory 2091 | -7/Factory | Evolved 2 slots: Utility x2 2864 | -7/Factory | Repaired Arm. Treads 3996 | -7/Factory | Discovered new exit (range 5) 4174 | -7/Factory | Entered Storage 4219 | -7/Storage | Met 01-MTF 4415 | -7/Storage | Found Prototype Launcher 4415 | -7/Storage | Identified Rocket Array 4419 | -7/Storage | Found Rocket Array 4421 | -7/Storage | Found Rocket Array 5123 | -7/Storage | Assisted by bots powering up and referring to "LRC-V3" 5148 | -7/Storage | Identified exit to Garrison 5150 | -7/Storage | Entered Garrison 5150 | -7/Garrison | Accompanied by 8 allies 5234 | -7/Garrison | Triggered checkpoint 5295 | -7/Garrison | Garrison Relay disabled 5489 | -7/Garrison | Lost 4 parts (3n1u) 5700 | -7/Garrison | Triggered checkpoint 5716 | -7/Garrison | Triggered checkpoint 5728 | -7/Garrison | Triggered checkpoint 5764 | -7/Garrison | Core integrity fell below 50% 5792 | -7/Garrison | Lost 7 parts (1p3n3w) 5876 | -7/Garrison | Triggered checkpoint 5918 | -7/Garrison | Lost 4 parts (2n2w) 6595 | -7/Garrison | Discovered new exit (range 15) 6858 | -7/Garrison | Entered Recycling 6961 | -7/Recycling | Spotter reported a threat 7113 | -7/Recycling | Spotter reported a threat 7114 | -7/Recycling | Spotter reported a threat 7149 | -7/Recycling | Spotter reported a threat 7167 | -7/Recycling | Spotter reported a threat 7188 | -7/Recycling | Spotter reported a threat 7205 | -7/Recycling | Spotter reported a threat 7220 | -7/Recycling | Spotter reported a threat 7230 | -7/Recycling | Spotter reported a threat 7259 | -7/Recycling | Spotter reported a threat 7261 | -7/Recycling | Spotter reported a threat 7265 | -7/Recycling | Spotter reported a threat 7273 | -7/Recycling | Spotter reported a threat 7274 | -7/Recycling | Spotter reported a threat 7278 | -7/Recycling | Spotter reported a threat 7283 | -7/Recycling | Spotter reported a threat 7285 | -7/Recycling | Spotter reported a threat 7312 | -7/Recycling | Spotter reported a threat 7327 | -7/Recycling | Spotter reported a threat 7331 | -7/Recycling | Spotter reported a threat 7336 | -7/Recycling | Spotter reported a threat 7341 | -7/Recycling | Spotter reported a threat 7344 | -7/Recycling | Spotter reported a threat 7357 | -7/Recycling | Spotter reported a threat 7361 | -7/Recycling | Spotter reported a threat 7380 | -7/Recycling | Spotter reported a threat 7384 | -7/Recycling | Spotter reported a threat 7394 | -7/Recycling | Spotter reported a threat 7397 | -7/Recycling | Spotter reported a threat 7410 | -7/Recycling | Spotter reported a threat 7412 | -7/Recycling | Spotter reported a threat 7414 | -7/Recycling | Spotter reported a threat 7447 | -7/Recycling | Spotter reported a threat 7448 | -7/Recycling | Spotter reported a threat 7450 | -7/Recycling | Spotter reported a threat 7462 | -7/Recycling | Spotter reported a threat 7463 | -7/Recycling | Spotter reported a threat 7465 | -7/Recycling | Spotter reported a threat 7467 | -7/Recycling | Spotter reported a threat 7500 | -7/Recycling | Spotter reported a threat 7502 | -7/Recycling | Spotter reported a threat 7515 | -7/Recycling | Spotter reported a threat 7516 | -7/Recycling | Spotter reported a threat 7534 | -7/Recycling | Spotter reported a threat 7550 | -7/Recycling | Spotter reported a threat 7553 | -7/Recycling | Spotter reported a threat 7569 | -7/Recycling | Spotter reported a threat 7577 | -7/Recycling | Spotter reported a threat 7599 | -7/Recycling | Spotter reported a threat 7606 | -7/Recycling | Spotter reported a threat 7627 | -7/Recycling | Spotter reported a threat 7630 | -7/Recycling | Spotter reported a threat 7638 | -7/Recycling | Spotter reported a threat 7639 | -7/Recycling | Spotter reported a threat 7652 | -7/Recycling | Spotter reported a threat 7654 | -7/Recycling | Spotter reported a threat 7659 | -7/Recycling | Spotter reported a threat 7680 | -7/Recycling | Spotter reported a threat 7683 | -7/Recycling | Spotter reported a threat 7691 | -7/Recycling | Spotter reported a threat 7712 | -7/Recycling | Spotter reported a threat 7733 | -7/Recycling | Spotter reported a threat 7744 | -7/Recycling | Spotter reported a threat 7759 | -7/Recycling | Spotter reported a threat 7765 | -7/Recycling | Spotter reported a threat 7812 | -7/Recycling | Spotter reported a threat 7818 | -7/Recycling | Spotter reported a threat 7819 | -7/Recycling | Spotter reported a threat 7859 | -7/Recycling | Spotter reported a threat 7865 | -7/Recycling | Spotter reported a threat 7894 | -7/Recycling | Spotter reported a threat 7903 | -7/Recycling | Spotter reported a threat 7912 | -7/Recycling | Spotter reported a threat 7918 | -7/Recycling | Spotter reported a threat 7924 | -7/Recycling | Core integrity fell below 20% 7971 | -7/Recycling | Spotter reported a threat 7976 | -7/Recycling | Spotter reported a threat 7984 | -7/Recycling | Spotter reported a threat 8029 | -7/Recycling | Spotter reported a threat 8036 | -7/Recycling | Spotter reported a threat 8037 | -7/Recycling | Spotter reported a threat 8089 | -7/Recycling | Spotter reported a threat 8090 | -7/Recycling | Spotter reported a threat 8126 | -7/Recycling | Spotter reported a threat 8205 | -7/Recycling | Spotter reported a threat 8234 | -7/Recycling | Discovered new exit (range 15) 8237 | -7/Recycling | Spotter reported a threat 8239 | -7/Recycling | Spotter reported a threat 8246 | -7/Recycling | Spotter reported a threat 8263 | -7/Recycling | Spotter reported a threat 8263 | -7/Recycling | Spotter reported a threat 8301 | -7/Recycling | Spotter reported a threat 8301 | -7/Recycling | Spotter reported a threat 8335 | -7/Recycling | Spotter reported a threat 8369 | -7/Recycling | Spotter reported a threat 8400 | -7/Recycling | Spotter reported a threat 8422 | -7/Recycling | Spotter reported a threat 8434 | -7/Recycling | Spotter reported a threat 8482 | -7/Recycling | Spotter reported a threat 8507 | -7/Recycling | Spotter reported a threat 8507 | -7/Recycling | Spotter reported a threat 8521 | -7/Recycling | Spotter reported a threat 8541 | -7/Recycling | Spotter reported a threat 8572 | -7/Recycling | Spotter reported a threat 8572 | -7/Recycling | Spotter reported a threat 8573 | -7/Recycling | Spotter reported a threat 8625 | -7/Recycling | Build established: Commander-Mutant 8628 | -7/Recycling | Spotter reported a threat 8807 | -7/Recycling | Spotter reported a threat 8892 | -7/Recycling | Spotter reported a threat 8916 | -7/Recycling | Spotter reported a threat 8938 | -7/Recycling | Spotter reported a threat 8985 | -7/Recycling | Spotter reported a threat 9000 | -7/Recycling | Spotter reported a threat 9002 | -7/Recycling | Spotter reported a threat 9031 | -7/Recycling | Spotter reported a threat 9045 | -7/Recycling | Spotter reported a threat 9053 | -7/Recycling | Spotter reported a threat 9083 | -7/Recycling | Spotter reported a threat 9083 | -7/Recycling | Spotter reported a threat 9091 | -7/Recycling | Spotter reported a threat 9136 | -7/Recycling | Spotter reported a threat 9137 | -7/Recycling | Spotter reported a threat 9137 | -7/Recycling | Spotter reported a threat 9138 | -7/Recycling | Spotter reported a threat 9185 | -7/Recycling | Spotter reported a threat 9185 | -7/Recycling | Spotter reported a threat 9185 | -7/Recycling | Spotter reported a threat 9185 | -7/Recycling | Spotter reported a threat 9238 | -7/Recycling | Spotter reported a threat 9238 | -7/Recycling | Spotter reported a threat 9243 | -7/Recycling | Spotter reported a threat 9268 | -7/Recycling | Spotter reported a threat 9283 | -7/Recycling | Spotter reported a threat 9283 | -7/Recycling | Spotter reported a threat 9291 | -7/Recycling | Spotter reported a threat 9296 | -7/Recycling | Spotter reported a threat 9336 | -7/Recycling | Spotter reported a threat 9349 | -7/Recycling | Spotter reported a threat 9363 | -7/Recycling | Entered Factory 9363 | -5/Factory | Accompanied by 9 allies 9363 | -5/Factory | Evolved 4 slots: Power x2, Utility x2 9605 | -5/Factory | Garrison activated, responded to threat 9663 | -5/Factory | First assault squad dispatched 9853 | -5/Factory | System corruption reached 10% 9900 | -5/Factory | Core integrity fell below 50% 9924 | -5/Factory | Lost 22 parts (3p4n10u5w) 9958 | -5/Factory | Discovered new exit (range 4) 9964 | -5/Factory | Entered Upper Caves 10175 | -5/Upper Caves | Attracted the attention of an 0b10 checkpoint 10211 | -5/Upper Caves | Build established: Mutant 10251 | -5/Upper Caves | Core integrity fell below 20% 10276 | -5/Upper Caves | Destroyed by G-50 Soldier with Heavy Laser Last Messages --------------- 10189_ Found Recoil Stabilizer. 10189_ Found 14 Matter. 10189_ Acquired 20 matter. 10190_ Acquired Imp. Signal Interpreter. 10192_ System corrupted: Substantial component data lost. 10194_ Penetrated by Slug. 10210_ Acquired 68 matter. 10213_ Acquired 25 matter. 10214_ Acquired Neutrino Core. 10218_ Acquired Com. Wheel. 10223_ Dropped Gyrokinetic Inverter. 10226_ Acquired Com. Battery. 10228_ Carbon-fiber Leg destroyed. 10234_ Com. Wheel destroyed. 10242_ Carbon-fiber Leg destroyed. 10257_ System corrupted: Matter fused (-10). 10269_ Neutrino Core destroyed. 10271_ Slammed into G-50 Soldier. 10273_ Penetrated by Slug. 10273_ Com. Battery destroyed. Map ----- +----------------------------------------------------+ | ??????????# #### """""" #?# # | | ???????????? ### " "" #?## | | ????????????? ## #??## #" | | ??????????????# ## #???# ## | | ?????????###### # #### #???## ### | | ????????## ## #??# #### # #???###?# | | ????????# ##?# ##? ???????# ## | | ???????## ### #?## ????????####### | | ???????# ##?## ??????????????# | | ???????# ## #???#??#?????????????? | | ???????# ########## #????????????????????? | | ???????## ##?????### ?????????????????????? | | ????????# #??????# ??###?????????????????? | | ????????# ##??????# ??# #?????????????????? | | ????????# #???????#% #??# #?????????????????? | | ????????## #???????#= #?# #??????????????????? | | ?????????## #??????## ## #???????????????????? | | ??????????# #????### % #???????????????????? | | ??????????# #???## % ##??????????????????? | | ??????????# #??## #??????????????????? | | ??????????# #### ####??????????????????? | | ??????????# ##?????????????????????? | | ??????????###### #??????????????????????? | | ???????????????## ## ##?????????????????????? | | ????????????????####### ##????????????????????? | | ??????????????????????## @ ##???????????????????? | | ???????????????????????## ##??????????????????? | | ????????????????????????## ##?????????????????? | | ?????????????????????#####gY #?????????????????? | | ???????????????????### ## #?????????????????? | | ???????????????????# g #?????????????????? | | ???????????????????#### #?????????????????? | | ??????????????????????### ##?????????????????? | | ????????????????????????## ###??????????????????? | | ?????????????????????????####????????????????????? | | ?????????????????????????????????????????????????? | | ?????????????????????????????????????????????????? | | ?????????????????????????????????????????????????? | | ?????????????????????????????????????????????????? | | ?????????????????????????????????????????????????? | | ?????????????????????????????????????????????????? | | ?????????????????????????????????????????????????? | | ?????????????????????????????????????????????????? | | ?????????????????????????????????????????????????? | | ?????????????????????????????????????????????????? | | ?????????????????????????????????????????????????? | | ?????????????????????????????????????????????????? | | ?????????????????????????????????????????????????? | | ?????????????????????????????????????????????????? | | ?????????????????????????????????????????????????? | +----------------------------------------------------+ Best States ------------- Heat Dissipation 40 Energy Generation 32 Energy Capacity 615 Matter Stores 300 Matter Capacity 300 Sight Range 16 Robot Scan Range 10 Terrain Scan Density 10 Armor Coverage 600 Utility Shielding 66 Evasion (%) 51 Recoil Reduction 4 Particle Charging 20 Defensive Hacking 10 Item Schematics ----------------- None Robot Schematics ------------------ None Fabricated ------------ Nothing Alien Tech Used ----------------- None Achievements -------------- Collateral Damage Hey, That's Mine! Quantum Hacking Significant Disruption True Hacker \\IAMDERELICT Challenges ------------ None Game ------ Seed GatlingCoolingJammer Manual? 0 Play Time 02:16:38 Cumulative 11.5 hours Start 2020.10.16 @ 22:05:48 End 2020.10.24 @ 12:06:21 Sessions 13 Manual Loads 0 Difficulty Rogue Special Mode None Game No. 16 Rogue 16 Adventurer 0 Explorer 0 Win Type - Total 0 Types 0/0/0/0/0/0/0/0/0 Lore% 16 Gallery% 15 Achievement% 17 Wizard Run 0 Options --------- ASCII 0 Keyboard 0 Movement Numpad Keybinds 0 Fullscreen 1 Font 18/TerminusBold Map View 76x50 Tactical HUD 1 Map Filters NONE Filters NONE Steam 1 RUN: 7de81cd0-a9de-44ed-8489-3e3c415633c3